 Dungeon Crawl Stone Soup version 0.24-a0-27-gca774cb5d5 (webtiles) character file.

Game seed: 11880856201679167474

3824 Raymar the Thaumaturge (level 9, -13/51 HPs)
             Began as a Deep Elf Wizard on Feb 2, 2019.
             Was a Priest of Kikubaaqudgha.
             Killed from afar by a molten gargoyle (36 damage)
             ... with a bolt of magma
             ... on level 10 of the Dungeon.
             The game lasted 00:46:53 (9055 turns).

Raymar the Thaumaturge (Deep Elf Wizard)            Turns: 9055, Time: 00:46:55

Health: -13/51     AC:  4    Str:  4    XL:     9   Next: 97%
Magic:  12/26      EV: 14    Int: 27    God:    Kikubaaqudgha [***...]
Gold:   195        SH:  0    Dex: 13    Spells: 9/31 levels left

rFire    . . .     SeeInvis .   t - staff of death
rCold    + . .     Gourm    .   (no shield)
rNeg     + . .     Faith    .   a - +0 robe
rPois    .         Spirit   .   b - +1 hat
rElec    .         Reflect  .   (no cloak)
rCorr    +         Harm     .   u - +0 pair of gloves
MR       .....                  (no boots)
Stlth    +++.......             v - amulet of regeneration
HPRegen  0.97/turn              z - ring of resist corrosion
MPRegen  0.20/turn              s - ring of protection from cold

@: no status effects
A: antennae 1, regeneration 1, robust 1
a: Receive Corpses, Renounce Religion


You were on level 10 of the Dungeon.
You worshipped Kikubaaqudgha.
Kikubaaqudgha was most pleased with you.
You were not hungry.

You visited 1 branch of the dungeon, and saw 10 of its levels.

You collected 495 gold pieces.
You spent 300 gold pieces at shops.

Inventory:

Hand Weapons
 r - the +6 trident "Gimosuat" {vamp, Dex+8}
   (You found it on level 4 of the Dungeon)

   It inflicts no extra harm, but heals its wielder when it wounds a living foe.
   It affects your dexterity (+8).
 A - the +2 dagger "Gif Wosu" {flame, rElec rF+ MR+ Str+2}
   (You took it off a kobold on level 8 of the Dungeon)

   It has been specially enchanted to burn those struck by it, causing extra
   injury to most foes and up to half again as much damage against particularly
   susceptible opponents.
   It affects your strength (+2).
   It protects you from fire.
   It insulates you from electricity.
   It affects your resistance to hostile enchantments.
Missiles
 f - a throwing net (quivered)
Armour
 a - a +0 robe (worn)
 b - a +1 hat (worn)
 u - a +0 pair of gloves (worn)
Magical Staves
 t - an uncursed staff of death (weapon)
 B - an uncursed staff of conjuration
Jewellery
 k - a +4 ring of strength
 m - a +3 ring of slaying
 s - a ring of protection from cold (right hand)
 v - an amulet of regeneration (around neck)
 z - a ring of resist corrosion (left hand)
Wands
 e - a wand of enslavement (3)
 h - a wand of paralysis (11)
 y - a wand of iceblast (4)
 C - a wand of flame (1)
 D - a wand of random effects (26)
Scrolls
 i - 2 scrolls of enchant weapon
 j - 5 scrolls of remove curse
 n - a scroll of magic mapping
Potions
 c - 3 potions of brilliance
 g - a potion of berserk rage
 l - 2 potions of cancellation
 o - a potion of lignification
 p - a potion of heal wounds
 q - 2 potions of agility
 w - a potion of curing {unknown}
Comestibles
 d - 11 rations
 x - 2 chunks of flesh


   Skills:
 + Level 1.0 Fighting
 + Level 0.1 Short Blades
 - Level 1.1(1.2) Polearms
 + Level 0.7(1.3) Staves
 + Level 4.2 Dodging
 + Level 4.1 Stealth
 + Level 11.6 Spellcasting
 + Level 6.0 Conjurations
 + Level 5.0 Summonings
 * Level 7.2 Necromancy
   Level 1.1 Translocations
 * Level 4.9 Evocations


You had 9 spell levels left.
You knew the following spells:

 Your Spells              Type           Power        Failure   Level  Hunger
a - Magic Dart            Conj           ####         1%          1    None
b - Call Imp              Summ           #####...     1%          2    None
d - Pain                  Necr           ####         1%          1    None
e - Corpse Rot            Necr           N/A          1%          2    None
f - Vampiric Draining     Necr           ######....   1%          3    None
g - Sublimation of Blood  Necr           ######....   1%          2    None
h - Animate Skeleton      Necr           N/A          1%          1    None
i - Agony                 Necr           ######..     5%          5    ###....
j - Dispel Undead         Necr           ######..     5%          5    ###....

Your spell library contained the following spells:

 Spells                   Type           Power        Failure   Level  Hunger
 Summon Small Mammal      Summ           ####         1%          1    None
 Apportation              Tloc           ###...       2%          1    None
 Confusing Touch          Hex            ###...       3%          1    None
 Blink                    Tloc           N/A          3%          2    None
 Conjure Flame            Conj/Fire      ####....     3%          3    None
 Mephitic Cloud           Conj/Pois/Air  ####....     4%          3    None
 Slow                     Hex            ###.....     5%          2    None
 Borgnjor's Vile Clutch   Necr/Erth      ######....   22%         5    ###....
 Death Channel            Necr           ######....   28%         6    #####..
 Simulacrum               Ice/Necr       ######....   77%         6    #####..


Dungeon Overview and Level Annotations

Branches:
Dungeon (10/15)            Temple (0/1) D:5
   Lair: D:8-11         Orc: D:9-12

Altars:
Elyvilon
Fedhas
Hepliaklqana
Kikubaaqudgha
Makhleb
Qazlal
Trog
Uskayaw
Vehumet
Xom
Yredelemnul
The Shining One

Shops:
D:6 =


Innate Abilities, Weirdness & Mutations

You have a pair of small antennae on your head.
Your natural rate of healing is unusually fast.
You are robust. (+10% HP)


Message History

Your crimson imp blinks!
Evoke which item? (* to show all) (? for menu, Esc to quit)
Aiming: Iceblast
Press: ? - help, Shift-Dir - straight line, f/p - molten gargoyle
Aim: a molten gargoyle, wielding a +0 mace (heavily damaged)
The mass of ice explodes!
The iceblast engulfs the molten gargoyle but does no damage.
The molten gargoyle is heavily damaged.
The orc wizard shouts!
The molten gargoyle blasts magma at you!
The bolt of magma hits you!!!
Ouch! That really hurt!
* * * LOW HITPOINT WARNING * * *
You feel much better.
Your crimson imp blinks!
The molten gargoyle blasts magma at you!
The bolt of magma hits you!!!
Ouch! That really hurt!
You die...
Kikubaaqudgha rasps: "You have failed me!
Welcome... death!"

#...........#.
#..........#..§
#...........#.#
#..........#.#.
#..<..........#
#........9....#
#......§......#
#.......5§....#
#.....@.......#
#.........?5..#
#........5....#
#..........<..#
o.o..########..#
..o.o ..# .....
.# ....


You could see a molten gargoyle, an orc wizard, 3 orcs, 2 friendly crimson imps
and a friendly shadow imp.

Vanquished Creatures
  A hippogriff (D:8)
  3 yaks (D:9)
  A water moccasin (D:9)
  A sky beast (D:8)
  Purgy (D:4)
  2 orc warriors
  3 phantoms
  A necrophage (D:7)
  An ogre (D:4)
  A centaur (D:8)
  2 bullfrogs
  Dowan (D:4)
  3 killer bees (D:9)
  2 wights (D:8)
  A crimson imp (D:7)
  3 jellies
  A bullfrog zombie (D:3)
  A centaur zombie (D:8)
  5 orc priests
  Crazy Yiuf (D:7)
  A centaur skeleton (D:6)
  A hound (D:7)
  9 orc wizards
  3 iguanas
  3 worker ants
  A hound zombie (D:7)
  A worker ant zombie (D:5)
  8 gnolls
  3 adders
  2 shadow imps
  An adder skeleton (D:5)
  A dart slug (D:3)
  7 leopard geckos
  27 orcs
  6 bats
  4 giant cockroaches
  8 goblins
  4 hobgoblins
  5 jackals
  7 kobolds
  3 quokkas
  9 frilled lizards
  A leopard gecko zombie (D:7)
  2 quokka skeletons (D:4)
  3 rats
155 creatures vanquished.

Vanquished Creatures (collateral kills)
  Joseph (D:8)
  A hungry ghost (D:7)
  Duvessa (D:4)
  An orc warrior (D:6)
  An ice beast (D:5)
  3 ogres
  A big kobold (D:8)
  2 bullfrogs
  A scorpion (D:7)
  2 wights (D:8)
  2 crimson imps
  2 hounds (D:4)
  2 orc priests
  A bullfrog skeleton (D:4)
  4 orc wizards
  2 worker ants
  A gnoll (D:7)
  5 adders
  A worm (D:4)
  17 orcs
  A jackal (D:6)
  A ball python (D:4)
  A frilled lizard (D:3)
  4 kobolds (D:8)
  A rat (D:3)
59 creatures vanquished.

Grand Total: 214 creatures vanquished

Notes
Turn   | Place    | Note
-------+----------+-------------------------------------------
     0 | D:1      | Raymar the Deep Elf Wizard began the quest for the Orb.
     0 | D:1      | Reached XP level 1. HP: 10/10 MP: 7/7
   164 | D:1      | Reached XP level 2. HP: 15/15 MP: 5/9
   234 | D:1      | Reached skill level 5 in Spellcasting
   257 | D:1      | Learned a level 2 spell: Call Imp
   825 | D:2      | Reached XP level 3. HP: 13/19 MP: 1/11
  1151 | D:3      | Found a basalt altar of Yredelemnul.
  1320 | D:3      | Reached skill level 6 in Spellcasting
  1320 | D:3      | Reached XP level 4. HP: 17/24 MP: 0/14
  1407 | D:3      | Learned a level 3 spell: Conjure Flame
  1414 | D:3      | Found a white marble altar of Elyvilon.
  1476 | D:3      | Found an ancient bone altar of Kikubaaqudgha.
  1627 | D:3      | Found a glowing golden altar of the Shining One.
  1635 | D:3      | Found a bloodstained altar of Trog.
  1864 | D:3      | Found a hide-covered altar of Uskayaw.
  2259 | D:4      | Noticed an ogre
  2274 | D:4      | Killed an ogre
  2274 | D:4      | Reached XP level 5. HP: 28/28 MP: 4/16
  2285 | D:4      | Noticed Purgy
  2356 | D:4      | Found a hazy altar of Hepliaklqana.
  2424 | D:4      | Killed Purgy
  2463 | D:4      | Reached skill level 7 in Spellcasting
  2510 | D:4      | Noticed an ogre
  2524 | D:4      | Noticed an ogre
  2533 | D:4      | Killed an ogre
  2533 | D:4      | Reached XP level 6. HP: 15/32 MP: 1/18
  2759 | D:4      | Found a blossoming altar of Fedhas.
  2853 | D:4      | Noticed Duvessa
  2856 | D:4      | Noticed Dowan
  2873 | D:4      | Killed Dowan
  2873 | D:4      | Killed Duvessa
  3014 | D:4      | Got an ancient trident
  3018 | D:4      | Identified the +6 trident "Gimosuat" {vamp, Dex+8} (You
                  | found it on level 4 of the Dungeon)
  3089 | D:4      | Reached XP level 7. HP: 31/36 MP: 13/20
  3128 | D:4      | Reached skill level 8 in Spellcasting
  3365 | D:5      | Entered Level 5 of the Dungeon
  3433 | D:5      | Reached skill level 1 in Polearms
  3794 | D:3      | Became a worshipper of Kikubaaqudgha
  3862 | D:5      | Found a stormy altar of Qazlal.
  3929 | D:5      | Found a staircase to the Ecumenical Temple.
  4187 | D:5      | Gained mutation: You have a pair of small antennae on your
                  | head. [potion of mutation]
  4187 | D:5      | Gained mutation: Your natural rate of healing is unusually
                  | fast. [potion of mutation]
  4187 | D:5      | Gained mutation: You are robust. (+10% HP) [potion of
                  | mutation]
  4191 | D:5      | Reached skill level 1 in Evocations
  4457 | D:6      | Reached skill level 9 in Spellcasting
  4628 | D:6      | Reached XP level 8. HP: 46/46 MP: 16/23
  4730 | D:6      | Reached * piety under Kikubaaqudgha
  4730 | D:6      | Identified Kikubaaqudgha's Reference Book on Dark Rites
                  | (Kikubaaqudgha gifted it to you on level 6 of the Dungeon)
  4730 | D:6      | Received a gift from Kikubaaqudgha
  4741 | D:5      | Learned a level 1 spell: Pain
  4744 | D:5      | Learned a level 2 spell: Corpse Rot
  4748 | D:5      | Learned a level 3 spell: Vampiric Draining
  4751 | D:5      | Learned a level 2 spell: Sublimation of Blood
  4767 | D:5      | Reached skill level 1 in Necromancy
  5134 | D:6      | Found Yfoch's Jewellery Boutique.
  5161 | D:6      | Bought an uncursed amulet of regeneration for 300 gold
                  | pieces
  5835 | D:7      | Found a runed translucent door.
  5836 | D:7      | Noticed Crazy Yiuf
  5892 | D:7      | Reached skill level 5 in Conjurations
  5896 | D:7      | Reached skill level 10 in Spellcasting
  5991 | D:7      | Killed Crazy Yiuf
  6048 | D:7      | Reached ** piety under Kikubaaqudgha
  6944 | D:8      | Reached XP level 9. HP: 49/49 MP: 3/25
  7164 | D:8      | Learned a level 1 spell: Animate Skeleton
  7384 | D:8      | Noticed Joseph
  7443 | D:8      | Killed Joseph
  7485 | D:8      | Reached skill level 5 in Necromancy
  7530 | D:8      | Identified the +2 dagger "Gif Wosu" {flame, rElec rF+ MR+
                  | Str+2}
  7791 | D:8      | Reached skill level 11 in Spellcasting
  7949 | D:8      | Identified a scroll of acquirement
  7986 | D:8      | Found a radiant altar of Vehumet.
  7988 | D:8      | Found a burning altar of Makhleb.
  8062 | D:9      | Reached skill level 1 in Fighting
  8166 | D:9      | Reached *** piety under Kikubaaqudgha
  8166 | D:9      | Identified Kikubaaqudgha's Almanac of Evil (Kikubaaqudgha
                  | gifted it to you on level 9 of the Dungeon)
  8166 | D:9      | Received a gift from Kikubaaqudgha
  8166 | D:9      | Reached skill level 5 in Summonings
  8174 | D:9      | Learned a level 5 spell: Agony
  8199 | D:9      | Learned a level 5 spell: Dispel Undead
  8555 | D:9      | Found a shimmering altar of Xom.
  9039 | D:10     | Entered Level 10 of the Dungeon
  9045 | D:10     | Noticed a molten gargoyle
  9054 | D:10     | HP: 1/50 [molten gargoyle/bolt of magma (37)]
  9055 | D:10     | Killed from afar by a molten gargoyle

Vault maps used:
D:1:      doesnt_arrival_eight_statues, grunt_decor_one_mirror
D:3:      lemuel_doored_altar, lemuel_coloured_pillars_altar,
          eat_drink_and_be_merry_uskayaw, grunt_temple_overflow_open,
          first_ration, elyvilon_altar_4
D:4:      minmay_angry_zag, kennysheep_mini_moat, fedhas_altar_4, uniq_duvessa,
          uniq_purgy
D:5:      grunt_qazlal_sundering, minmay_temple_entry_enclosed_plants
D:6:      serial_shops, nicolae_shop_window_shopping
D:7:      uniq_crazy_yiuf_cottage
D:8:      grunt_temple_overflow_lords_of_destruction, uniq_joseph
D:9:      cheibrodos_iron_armory, nicolae_overflow_crystal_walls,
          kennysheep_decorative_pillar
D:10:     erik_lair_orcish_takeover, grunt_livestock, minivault_8

Skill      XL: |  1  2  3  4  5  6  7  8  9 |
---------------+----------------------------+-----
Spellcasting   | 5 6 7 9 10 11 | 11.6
Conjurations   | 2 3 4 5 6 |  6.0
Dodging        | 3 4 |  4.2
Summonings     | 2 3 4 5 |  5.0
Stealth        | 3 4 |  4.1
Polearms       | 1 |  1.1
Evocations     | 1 3 4 |  4.9
Necromancy     | 3 7 |  7.2
Fighting       | 1 |  1.0
Short Blades   | |  0.1
Staves         | |  0.7
Translocations | |  1.1

Action                   |  1- 3 |  4- 6 |  7- 9 || total
-------------------------+-------+-------+-------++-------
Melee: Dagger            |     7 |    19 |       ||    26
       Trident           |       |     5 |    21 ||    26
       Staff             |       |       |    49 ||    49
 Cast: Magic Dart        |    67 |    83 |   265 ||   415
       Call Imp          |    10 |    34 |    84 ||   128
       Conjure Flame     |       |     1 |       ||     1
       Pain              |       |       |    63 ||    63
       Vampiric Draining |       |       |    25 ||    25
       Corpse Rot        |       |       |     4 ||     4
       Animate Skeleton  |       |       |    23 ||    23
       Agony             |       |       |     5 ||     5
       Sublimation of Bl |       |       |     2 ||     2
Invok: Receive Corpses   |       |       |     1 ||     1
Evoke: Wand              |       |       |     3 ||     3
  Use: Scroll            |     9 |     3 |     8 ||    20
       Potion            |       |       |     6 ||     6
 Stab: Distracted        |       |       |     1 ||     1
  Eat: Chunk             |     1 |     5 |    17 ||    23
       Ration            |       |     2 |       ||     2
Armor: Robe              |    12 |     3 |    37 ||    52
Dodge: Dodged            |    21 |    41 |   148 ||   210

Table legend:
 A = Non-vault XP
 B = Vault XP
 C = Vault XP percentage of total XP
 D = Non-vault monster count
 E = Vault monster count
 F = Vault count percentage of total count
                 A         B        C        D         E       F
            +---------+---------+-------+---------+---------+-------
      Total |    4808 |     655 |  12.0 |     202 |      12 |   5.6
            +---------+---------+-------+---------+---------+-------
        D:1 |      26 |       0 |   0.0 |      16 |       0 |   0.0
        D:2 |      20 |       0 |   0.0 |       9 |       0 |   0.0
        D:3 |     125 |       0 |   0.0 |      28 |       0 |   0.0
        D:4 |     348 |     279 |  44.5 |      17 |       9 |  34.6
        D:5 |     420 |       0 |   0.0 |      18 |       0 |   0.0
        D:6 |     692 |       0 |   0.0 |      30 |       0 |   0.0
        D:7 |     702 |      40 |   5.4 |      26 |       1 |   3.7
        D:8 |    1030 |     336 |  24.6 |      28 |       2 |   6.7
        D:9 |    1365 |       0 |   0.0 |      29 |       0 |   0.0
       D:10 |      80 |       0 |   0.0 |       1 |       0 |   0.0
            +---------+---------+-------+---------+---------+-------
